 Dungeon Crawl Stone Soup version 0.17-a0-1984-g55f5988 (webtiles) character file.

255 Rationalist the Chopper (level 5, 0/42 HPs)
             Began as a Demonspawn Berserker on Oct 6, 2015.
             Was a Priest of Trog.
             Slain by Natasha (5 damage)
             ... on level 3 of the Dungeon.
             The game lasted 00:05:22 (4155 turns).

Rationalist the Chopper (Demonspawn Berserker)      Turns: 4155, Time: 00:05:22

Health: 0/42       AC:  6    Str: 18    XL:     5   Next: 91%
Magic:  5/5        EV:  8    Int:  8    God:    Trog [***...]
Gold:   151        SH: 12    Dex: 13    Spells: 0 memorised, 4 levels left

rFire  . . .     SeeInvis .     w - +4 hand axe (flame)
rCold  + . .     Clarity  .     b - +0 animal skin
rNeg   . . .     SustAt   .     u - +0 large shield
rPois  .         Gourm    .     (no helmet)
rElec  .         Spirit   .     (no cloak)
rCorr  .         Warding  .     (no gloves)
rMut   .         Stasis   .     (no boots)
MR     ++...                    (no amulet)
Stlth  ++........               (no ring)
                                (no ring)

@: regenerating, slowed, very slow, very resistant to hostile enchantments,
unstealthy
A: iridescent scales 1, cold resistance 1
a: Burn Spellbooks, Berserk, Trog's Hand, Renounce Religion


You were on level 3 of the Dungeon.
You worshipped Trog.
Trog was most pleased with you.
You were hungry.

You visited 1 branch of the dungeon, and saw 3 of its levels.

You collected 151 gold pieces.

Inventory:

Hand Weapons
 w - a +4 hand axe of flaming (weapon)
 y - a +0 hand axe of draining
 z - a +0 blowgun
Missiles
 g - 51 bolts
 k - 24 sling bullets
 q - 8 poisoned sling bullets
 r - 4 tomahawks (quivered)
 A - 6 curare-tipped needles
Armour
 b - a +0 animal skin (worn)
 u - a +0 large shield (worn)
Jewellery
 a - an uncursed ring of magical power {unknown}
Scrolls
 d - 3 scrolls of teleportation {unknown}
 e - a scroll of fear {unknown}
 h - 2 scrolls of remove curse {unknown}
 j - 4 scrolls of identify {unknown}
 s - a scroll of random uselessness {unknown}
 t - a scroll of enchant weapon {unknown}
 v - a scroll of amnesia {unknown}
Potions
 l - a potion of lignification {unknown}
 m - a potion of cancellation {unknown}
 n - a potion of brilliance {unknown}
 o - 2 potions of curing {unknown}
 x - a potion of beneficial mutation {unknown}
Comestibles
 c - 3 bread rations
 f - 2 beef jerkies
 i - 2 meat rations
 p - 4 chunks of flesh


   Skills:
 + Level 3.8 Fighting
 + Level 3.9 Axes
 + Level 2.0 Armour
 + Level 3.7 Dodging
 + Level 1.2 Stealth
 + Level 1.0 Shields


You had 4 spell levels left.
You didn't know any spells.

Dungeon Overview and Level Annotations

Branches:
Dungeon (3/15)

Altars:
Dithmenos
The Shining One

Annotations:
D:3 Natasha


Innate Abilities, Weirdness & Mutations

You are partially covered in iridescent scales (AC +4).
Your flesh is cold resistant.


Message History

Natasha stares at you and mumbles some strange words.
The magic dart hits you!
* * * LOW HITPOINT WARNING * * *
The crimson imp hits you.
* * * LOW HITPOINT WARNING * * *
Natasha zaps a wand.
You feel as though you will be slow longer.
Use which ability?
Your skin crawls.
You feel resistant to hostile enchantments.
You are feeling hungry.
The crimson imp hits you but does no damage.
Natasha casts a spell.
You closely miss Natasha.
Natasha is severely wounded.
You hit the crimson imp but do no damage.
You block the crimson imp's attack. Natasha claws you.
* * * LOW HITPOINT WARNING * * *
The crimson imp barely misses you. Natasha claws you.
You die...

.......# ##........#####........#
.......# ##......## #..........
.......# ###...## #.......)..
......## ##...#####..........
......####### #>>................
............# #.....##........)..
.......####.###...#..........)..#
.......# #..##.5...####.......##
.......#####...h@5### #...######
..........###.....# ###..# #.
...........##.#...### ##.####.
..............#.....## #...##.
##########.#....###..########.##.
#...##............##..#.
##....#####...........#.
#####.##.#####.######......
#..........................


You could see Natasha and 2 crimson imps.

Vanquished Creatures
  2 orc priests (D:3)
  Jessica (D:2)
  Natasha (twice) (D:3)
  Robin (D:2)
  4 adders
  2 worms (D:2)
  4 orcs (D:3)
  8 bats
  3 giant cockroaches
  8 hobgoblins
  4 jackals (D:2)
  6 kobolds
  3 quokkas (D:2)
  2 giant newts (D:1)
  21 goblins
  6 rats
77 creatures vanquished.

Notes
Turn   | Place    | Note
--------------------------------------------------------------
     0 | D:1      | Rationalist the Demonspawn Berserker began the quest for the Orb.
     0 | D:1      | Reached XP level 1. HP: 18/18 MP: 1/1
   515 | D:1      | Gained mutation: You are partially covered in iridescent scales (AC +4). [demonic ancestry]
   515 | D:1      | Reached XP level 2. HP: 24/24 MP: 2/2
  1124 | D:2      | Found a glowing golden altar of the Shining One.
  1167 | D:2      | Reached XP level 3. HP: 14/29 MP: 3/3
  1312 | D:2      | Acquired Trog's second power
  1731 | D:2      | Found a shadowy altar of Dithmenos.
  1765 | D:2      | Noticed Jessica
  1779 | D:2      | Killed Jessica
  1779 | D:2      | Reached XP level 4. HP: 3/35 MP: 4/4
  2318 | D:2      | Noticed Robin
  2331 | D:2      | Killed Robin
  2582 | D:2      | Reached skill level 1 in Stealth
  3622 | D:3      | Gained mutation: Your flesh is cold resistant. [demonic ancestry]
  3622 | D:3      | Reached XP level 5. HP: 41/41 MP: 5/5
  4039 | D:3      | Noticed Natasha
  4048 | D:3      | Killed Natasha
  4048 | D:3      | Reached skill level 1 in Shields
  4086 | D:3      | Noticed Natasha
  4121 | D:3      | Killed Natasha
  4142 | D:3      | Noticed Natasha
  4155 | D:3      | Slain by Natasha

Vault maps used:
D:1:      dpeg_arrival_sounds_slurp
D:2:      nicolae_overflow_crystal_walls, tso_metal_star, uniq_jessica,
          uniq_robin
D:3:      kennysheep_generic_room_14, uniq_natasha

Action                   |  1- 3 |  4- 6 || total
-------------------------+-------+-------++-------
Melee: Hand axe          |   142 |   152 ||   294
Invok: Berserk           |     2 |     3 ||     5
       Trog's Hand       |       |     1 ||     1
  Use: Potion            |     1 |       ||     1
 Stab: Sleeping          |     1 |     1 ||     2
  Eat: Chunk             |     3 |    12 ||    15
